 Dungeon Crawl Stone Soup version 0.22-a0-605-g9281fa2 (webtiles) character file.

32 Amnesiac the Ducker (level 3, -3/16 HPs)
             Began as a Spriggan Earth Elementalist on July 8, 2018.
             Killed from afar by a dart slug (4 damage)
             ... with a slug dart
             ... on level 1 of the Dungeon.
             The game lasted 00:01:14 (500 turns).

Amnesiac the Ducker (Spriggan Earth Elementalist)    Turns: 500, Time: 00:01:15

Health: -3/16      AC:  2    Str:  4    XL:     3   Next: 8%
Magic:  1/8        EV: 21    Int: 17    God:
Gold:   20         SH:  0    Dex: 16    Spells: 6/7 levels left

rFire    . . .     SeeInvis +   e - +0 dagger
rCold    . . .     Gourm    .   (shield restricted)
rNeg     . . .     Faith    .   c - +0 robe
rPois    .         Spirit   .   (helmet restricted)
rElec    .         Reflect  .   (no cloak)
rCorr    .         Harm     .   (gloves unavailable)
MR       .....                  (boots unavailable)
Stlth    ++........             (no amulet)
HPRegen  0.05/turn              (no ring)
MPRegen  0.11/turn              (no ring)

@: very quick
A: very small, unfitting armour, see invisible, herbivore, speed 3, slow
metabolism 2
a: no special abilities


You were on level 1 of the Dungeon.
You were not hungry.

You visited 1 branch of the dungeon, and saw 1 of its levels.

You collected 20 gold pieces.

Inventory:

Hand Weapons
 e - a +0 dagger (weapon)
Missiles
 b - 22 stones (quivered)
Armour
 c - a +0 robe (worn)
Scrolls
 a - 2 scrolls of identify {!r, unknown}
 g - a scroll of fear {!r, unknown}
 i - a scroll of enchant armour {!r, unknown}
Potions
 f - 2 potions of heal wounds {!q, unknown}
 h - a potion of haste {!q, unknown}
 j - a potion of brilliance {!q, unknown}
Comestibles
 d - a ration


   Skills:
 + Level 5.3 Dodging
 - Level 3.0 Stealth
 - Level 2.6 Spellcasting
   Level 1.3 Transmutations
 - Level 2.6 Earth Magic


You had 6 spell levels left.
You knew the following spells:

 Your Spells              Type           Power        Failure   Level  Hunger
a - Sandblast             Erth           ##....       6%          1    #......

Your spell library contained the following spells:

 Spells                   Type           Power        Failure   Level  Hunger
 Stone Arrow              Conj/Erth      #.....       30%         3    ###....
 Passwall                 Tmut/Erth      #.......     12%         2    ##.....
 Lee's Rapid Deconstruct  Erth           ##........   86%         5    ######.
 Petrify                  Tmut/Erth      #.......     61%         4    #####..


Dungeon Overview and Level Annotations

Branches:
Dungeon (1/15)

Altars:


Innate Abilities, Weirdness & Mutations

You are very small and have problems with some larger weapons.
You are too small for most types of armour.
You have supernaturally acute eyesight. (SInv)
You are a herbivore.
You cover ground extremely quickly.
You need to consume almost no food.


Message History

Casting: Sandblast (safe; 6% risk of failure)
Confirm with . or Enter, or press ? or * to list all spells.
You don't have enough magic to cast that spell.
A dart slug is nearby!
You hit the dart slug.
The dart slug is lightly wounded.
The dart slug launches a dart at you. The slug dart hits you!
* * * LOW HITPOINT WARNING * * *
Casting: Sandblast (safe; 6% risk of failure)
Confirm with . or Enter, or press ? or * to list all spells.
You don't have enough magic to cast that spell.
A dart slug is nearby!
You are too injured to fight recklessly!
Casting: Sandblast (safe; 6% risk of failure)
Confirm with . or Enter, or press ? or * to list all spells.
You don't have enough magic to cast that spell.
A dart slug is nearby!
You are too injured to fight recklessly!
Casting: Sandblast (safe; 6% risk of failure)
Confirm with . or Enter, or press ? or * to list all spells.
You don't have enough magic to cast that spell.
A dart slug is nearby!
You are too injured to fight recklessly!
Casting: Sandblast (safe; 6% risk of failure)
Confirm with . or Enter, or press ? or * to list all spells.
You don't have enough magic to cast that spell.
A dart slug is nearby!
You are too injured to fight recklessly!
Casting: Sandblast (safe; 6% risk of failure)
Confirm with . or Enter, or press ? or * to list all spells.
You don't have enough magic to cast that spell.
A dart slug is nearby!
You are too injured to fight recklessly!
Casting: Sandblast (safe; 6% risk of failure)
Confirm with . or Enter, or press ? or * to list all spells.
You don't have enough magic to cast that spell.
A dart slug is nearby!
You are too injured to fight recklessly!
Casting: Sandblast (safe; 6% risk of failure)
Confirm with . or Enter, or press ? or * to list all spells.
You don't have enough magic to cast that spell.
A dart slug is nearby!
You are too injured to fight recklessly!
Casting: Sandblast (safe; 6% risk of failure)
Confirm with . or Enter, or press ? or * to list all spells.
You don't have enough magic to cast that spell.
A dart slug is nearby!
You are too injured to fight recklessly!
Casting: Sandblast (safe; 6% risk of failure)
Confirm with . or Enter, or press ? or * to list all spells.
You don't have enough magic to cast that spell.
A dart slug is nearby!
You are too injured to fight recklessly!
You hit the dart slug.
The dart slug is heavily wounded.
You hit the dart slug but do no damage.
The dart slug is heavily wounded.
The dart slug bites you but does no damage.
You hit the dart slug.
The dart slug is severely wounded.
The dart slug launches a dart at you. The slug dart hits you!
You die...

......#
....K..( .
.....[!. # .##
....K... #..
..# ...(...#
...####.#####
........
............
#........##
#....w....#
...... .
#.....@)..#
......
.##.........#
......
............##
......
##......†...#
......
#.....(....#
......
#....(.....#
......
#..........# #
#............#
#
#.........##..


You could see a dart slug.

Vanquished Creatures
  2 dart slugs (D:1)
  A leopard gecko (D:1)
  5 bats (D:1)
  2 goblins (D:1)
  4 hobgoblins (D:1)
  3 jackals (D:1)
  4 kobolds (D:1)
  4 rats (D:1)
25 creatures vanquished.

Notes
Turn   | Place    | Note
-------+----------+-------------------------------------------
     0 | D:1      | Amnesiac the Spriggan Earth Elementalist began the quest for the Orb.
     0 | D:1      | Reached XP level 1. HP: 9/9 MP: 5/5
    88 | D:1      | Reached skill level 4 in Dodging
   102 | D:1      | Reached XP level 2. HP: 8/13 MP: 0/6
   376 | D:1      | Reached skill level 5 in Dodging
   475 | D:1      | Reached XP level 3. HP: 14/16 MP: 1/8
   500 | D:1      | Killed from afar by a dart slug

Vault maps used:
D:1:      roderic_dead_forest, minmay_pentomino_x2

Skill      XL: |  1  2 |
---------------+-------+-----
Dodging        | 4 5 |  5.3
Stealth        | |  3.0
Spellcasting   | |  2.6
Transmutations | |  1.3
Earth Magic    | |  2.6

Action                   || total
-------------------------++-------
Melee: Unarmed           ||    10
       Dagger            ||    46
 Cast: Sandblast         ||    33
Armor: Robe              ||    15
Dodge: Dodged            ||    92

Table legend:
 A = Spawn XP
 B = Non-spawn XP
 C = Spawn XP percentage of total XP
 D = Spawn monster count
 E = Non-spawn monster count
 F = Spawn count percentage of total count
 G = Total turns spent on level
                    A         B        C        D         E        F      G
               +---------+---------+-------+---------+---------+-------+---------
         Total |       0 |      46 |   0.0 |       0 |      25 |   0.0 |   500
               +---------+---------+-------+---------+---------+-------+---------
           D:1 |       0 |      46 |   0.0 |       0 |      25 |   0.0 |   500
               +---------+---------+-------+---------+---------+-------+---------
